 Dungeon Crawl Stone Soup version 0.14.0-26-g1682e81 (webtiles) character file.

211 varitox the Ruinous (level 4, 0/24 HPs)
             Began as a Deep Elf Conjurer on Apr 27, 2014.
             Killed by nerve-wracking pain
             ... invoked by Grinder
              (2 damage)
             ... on Level 3 of the Dungeon.
             The game lasted 00:14:00 (2379 turns).

varitox the Ruinous (Deep Elf Conjurer)             Turns: 2379, Time: 00:14:00

HP   0/24        AC  3     Str  5      XL: 4   Next: 78%
MP   0/15        EV 13     Int 26      God:
Gold 89          SH  0     Dex 15      Spells:  4 memorised,  0 levels left

rFire  . . .     SeeInvis .     s - +1,+2 dagger
rCold  . . .     Clarity  +     f - +1 robe
rNeg   . . .     Conserve .     (no shield)
rPois  .         rCorr    .     (no helmet)
rElec  .         rRot     .     (no cloak)
SustAb + .       Spirit   .     (no gloves)
rMut   .         Warding  .     (no boots)
Saprov . . .     Stasis   .     p - amulet of clarity
MR     .....                    u - ring of sustenance
                                i - ring of sustain abilities

@: brilliant, not resistant to hostile enchantments, fairly stealthy
A: no striking features
a: no special abilities


You were on level 3 of the Dungeon.
You were hungry.

You visited 1 branch of the dungeon, and saw 4 of its levels.

You collected 89 gold pieces.

Inventory:

Hand weapons
 s - a +1,+2 dagger (weapon)
Armour
 f - a +1 robe (worn)
Magical devices
 o - a wand of random effects (16)
Comestibles
 b - 4 bread rations
 d - a rotting chunk of bat flesh
 l - 2 apples
Scrolls
 a - 2 scrolls of random uselessness {unknown}
 e - 4 scrolls of immolation
 h - a scroll of amnesia {unknown}
 j - a scroll of teleportation {unknown}
 q - 2 scrolls of enchant weapon I
 t - a scroll of remove curse {unknown}
Jewellery
 i - a ring of sustain abilities (left hand)
 p - an amulet of clarity (around neck)
 u - a ring of sustenance (right hand)
Potions
 g - 2 potions of curing
 k - a potion of might
 m - a potion of poison {unknown}
 n - 2 potions of resistance
 v - a potion of mutation {unknown}
 w - a potion of heal wounds {unknown}
 x - a potion of haste {unknown}
 z - a potion of magic {unknown}
Books
 c - a book of Conjurations

   Spells                             Type                      Level
   *Magic Dart                        Conjuration                  1
   *Searing Ray                       Conjuration                  2
   Dazzling Spray                     Conjuration/Hexes            3
   *Fulminant Prism                   Conjuration/Hexes            4
   *Iskenderun's Mystic Blast         Conjuration                  4
   Iskenderun's Battlesphere          Conjuration/Charms           5


   Skills:
 + Level 3.3 Dodging
 + Level 2.8 Stealth
 + Level 0.1 Unarmed Combat
 + Level 4.4 Spellcasting
 + Level 5.5 Conjurations


You couldn't memorise any spells.
You knew the following spells:

 Your Spells              Type           Power        Failure   Level  Hunger
a - Magic Dart            Conj           ####         1%          1    None
b - Searing Ray           Conj           ######       1%          2    None
c - Iskenderun's Mystic   Conj           ######..     1%          4    ####...
d - Fulminant Prism       Conj/Hex       #####.....   3%          4    ####...


Dungeon Overview and Level Annotations

Branches:
Dungeon (4/15)
 Temple: D:4-7

Altars:
Okawaru
Trog
Zin

Annotations:
D:3 Grinder


Message History

Press: ? - help, Shift-Dir - straight line, f/p - Grinder
Aim: Grinder (almost dead)
The magic dart hits Grinder.
Grinder is almost dead.
There is an open door here.
You see here a club.
You now have 89 gold pieces (gained 13).
Casting: Magic Dart
Confirm with . or Enter, or press ? or * to list all spells.
Aiming: Magic Dart
Press: ? - help, Shift-Dir - straight line, f/p - Grinder
Aim: Grinder (almost dead)
The magic dart hits Grinder.
Grinder is almost dead.
Grinder gestures at you. Pain shoots through your body!
* * * LOW HITPOINT WARNING * * *
Grinder gestures at you. Pain shoots through your body!
You die...

#....[...#.##########'######.
+...<............5........>..
#........###5#######...##....
##...........).# #...##.###
########......# #...##.# #
#......# #...##.# # #......#
#...##.# #......# #...##.#
#...@..# #...##.# #......#
#...##.# #######......#
#...##.#
#.....#......##########.#
#.....#########.........#
#.....# #.######### #..<..#
#.# ###+### #.# #.# #.#


You could see Grinder.

Vanquished Creatures
  5 adders
  3 worms (D:2)
  A giant gecko (D:3)
  6 bats
  6 goblins
  10 hobgoblins
  6 kobolds
  3 quokkas (D:2)
  2 ball pythons (D:1)
  2 giant cockroaches
  5 giant newts
  6 rats
55 creatures vanquished.

Notes
Turn   | Place    | Note
--------------------------------------------------------------
     0 | D:1      | varitox, the Deep Elf Conjurer, began the quest for the Orb.
     0 | D:1      | Reached XP level 1. HP: 10/10 MP: 5/5
   241 | D:1      | Reached XP level 2. HP: 15/15 MP: 4/8
   246 | D:1      | Learned a level 2 spell: Searing Ray
   823 | D:2      | Reached skill level 5 in Conjurations
   860 | D:2      | Reached XP level 3. HP: 15/19 MP: 0/11
  1306 | D:2      | Reached XP level 4. HP: 24/24 MP: 7/14
  1352 | D:2      | Found a bloodstained altar of Trog.
  1846 | D:3      | Learned a level 4 spell: Iskenderun's Mystic Blast
  1851 | D:3      | Learned a level 4 spell: Fulminant Prism
  1869 | D:3      | Found an iron altar of Okawaru.
  1869 | D:3      | Found a glowing silver altar of Zin.
  2323 | D:3      | Noticed Grinder
  2348 | D:3      | Paralysed by Grinder for 3 turns
  2379 | D:3      | Killed from afar by Grinder

Action                   |  1- 3 |  4- 6 || total
-------------------------+-------+-------++-------
Melee: Unarmed           |    12 |       ||    12
 Cast: Magic Dart        |    79 |    52 ||   131
       Searing Ray       |     2 |     1 ||     3
       Iskenderun's Myst |       |     4 ||     4
Evoke: Wand              |     1 |       ||     1
  Use: Potion            |     1 |     1 ||     2
       Scroll            |       |     7 ||     7
